Coyotes vs Jets

Created - Thursday, January 22, 2015 at 23:33

Goals
1 2 3 T
Coyotes 0 0 0 0
Jets 2 5 2 9
Shots
1 2 3 T
Coyotes 6 11 7 24
Jets 9 15 10 34

1st period

1. Jets , Max Pacioretty 25 (Teemu Selanne, John Tavares) at 2:43 (PP)
2. Jets , Ryan Murray 5 (John Tavares, Teemu Selanne) at 9:33

Penalties :
T.J. Brennan (Ari) for Interference (Minor) at 1:15, Erik Johnson (Wpg) for Hooking (Minor) at 6:47, Eric Nystrom (Ari) for Tripping (Minor) at 10:03

2nd period

3. Jets , Alex Ovechkin 23 (Frans Nielsen) at 1:34
4. Jets , Alex Ovechkin 24 (Wayne Simmonds, Frans Nielsen) at 2:14
5. Jets , Alex Ovechkin 25 (Frans Nielsen, Danny DeKeyser) at 3:13
6. Jets , Alex Ovechkin 26 (Erik Johnson) at 4:27
7. Jets , Kyle Turris 12 (Wayne Simmonds, Alex Ovechkin) at 19:57 (PP)

Penalties :
Oliver Ekman-Larsson (Wpg) for Slashing (Minor) at 14:37, Michal Jordan (Ari) for Holding (Minor) at 19:14

3rd period

8. Jets , Alex Ovechkin 27 (Frans Nielsen, Erik Johnson) at 0:28
9. Jets , Wayne Simmonds 13 (Nick Bjugstad) at 7:29

Penalties :
Erik Johnson (Wpg) for Tripping (Minor) at 3:22, T.J. Brennan (Ari) for Holding (Minor) at 17:27, Michal Jordan (Ari) for Elbowing (Minor) at 19:58

Goalie Stats

Mike McKenna (Ari), 11 saves from 15 shots - (0.733), 18:14 minutes
Carter Hutton (Ari), 14 saves from 19 shots - (0.737), L, 6-11-1, 41:46 minutes
Sergei Bobrovsky (Wpg), 24 saves from 24 shots - (1.000), W, 31-9-1, 60:00 minutes

Players Stats for Coyotes

Player Name              G  A  P  +/- PIM S  H  SB GA TA FO     MP     PP MP  PK MP  
------------------------------------------------------------------------------------
Aaron Palushaj           0  0  0  -1  0   0  3  0  0  0  0/0    12:39   0:00   0:53 
Dale Weise               0  0  0  -1  0   0  1  0  1  0  0/0     9:12   0:00   0:00 
David Jones              0  0  0  -3  0   1  2  0  0  0  0/2    15:07   3:03   1:04 
Drayson Bowman           0  0  0  -1  0   3  0  0  2  0  1/1     9:12   0:00   0:00 
Eric Nystrom             0  0  0  -3  2   1  4  0  1  0  0/0    14:41   0:00   3:06 
Evan Oberg               0  0  0  -2  0   0  0  2  0  0  0/0    15:17   0:00   0:57 
Jaden Schwartz           0  0  0  -3  0   5  0  0  3  0  1/2    19:47   3:03   1:13 
Joakim Andersson         0  0  0  -3  0   1  0  1  1  1  7/15   18:53   2:54   3:53 
Markus Granlund          0  0  0  -1  0   1  1  1  2  0  1/4     9:12   0:00   0:00 
Matt Gilroy              0  0  0  -2  0   0  3  1  0  3  0/0    20:56   2:51   4:10 
Michael Kostka           0  0  0  -3  0   2  2  3  0  2  0/0    24:45   3:06   2:00 
Michal Jordan            0  0  0  -2  4   0  0  0  0  0  0/0    12:47   0:00   0:00 
Paul Byron               0  0  0  -2  0   3  1  1  0  0  0/1    20:02   2:54   1:13 
Pierre-Marc Bouchard     0  0  0   0  0   0  0  0  2  1  0/0    15:04   2:54   0:00 
Sean Monahan             0  0  0  -2  0   2  1  0  4  0  9/20   18:07   3:03   0:58 
Stephen Weiss            0  0  0  -1  0   2  0  0  0  0  4/8    11:46   0:00   0:00 
T.J. Brennan             0  0  0  -2  4   0  3  1  0  2  0/0    20:00   2:51   1:03 
Tom Gilbert              0  0  0  -3  0   3  1  2  1  1  0/0    26:18   3:06   4:10 

Players Stats for Jets

Player Name              G  A  P  +/- PIM S  H  SB GA TA FO     MP     PP MP  PK MP  
------------------------------------------------------------------------------------
Alex Ovechkin            5  1  6   5  0   8  7  0  3  0  1/1    15:31   2:38   0:11 
Colin Wilson             0  0  0   1  0   0  0  0  0  0  0/0     7:35   0:00   0:00 
Danny DeKeyser           0  1  1   3  0   2  0  1  0  3  0/0    22:07   3:06   3:07 
Erik Johnson             0  2  2   2  4   1  2  1  0  2  0/0    20:36   0:00   0:56 
Frans Nielsen            0  4  4   5  0   0  1  0  0  0  4/5    11:14   0:00   0:00 
Greg McKegg              0  0  0   0  0   0  0  0  0  0  0/0     0:00   0:00   0:00 
John Tavares             0  2  2   1  0   2  1  2  2  0  11/20  21:10   3:32   0:57 
Kyle Turris              1  0  1   0  0   3  0  0  1  0  9/19   19:06   2:38   4:49 
Marcus Kruger            0  0  0   0  0   1  0  1  2  0  0/0    16:58   0:00   4:49 
Matt Nieto               0  0  0   0  0   0  0  0  0  0  0/0    11:39   0:00   0:00 
Max Pacioretty           1  0  1   1  0   2  1  0  3  0  0/0    19:54   3:32   0:00 
Nick Bjugstad            0  1  1   1  0   0  1  0  0  0  3/4     8:53   0:00   0:11 
Oliver Ekman-Larsson     0  0  0   2  2   3  2  2  1  2  0/0    24:59   3:04   1:54 
Oscar Klefbom            0  0  0   2  0   0  0  0  0  0  0/0    16:06   0:00   2:50 
Ryan Murray              1  0  1   2  0   1  0  0  0  2  0/0    15:05   3:04   0:00 
Teemu Selanne            0  2  2   1  0   1  1  0  1  0  1/2    19:54   3:32   0:00 
Tyler Myers              0  0  0   3  0   4  3  2  1  0  0/0    22:07   3:06   3:07 
Wayne Simmonds           1  2  3   6  0   6  2  0  2  0  1/2    21:06   2:38   0:57 

3 Stars

1 - Alex Ovechkin (Wpg)
2 - Wayne Simmonds (Wpg)
3 - Frans Nielsen (Wpg)

Power Play

Coyotes - 0 on 3 Attempt(s) - 0.00%
Jets - 2 on 5 Attempt(s) - 40.00%

Penalty Kill

Coyotes - 3 on 5 Attempt(s) - 60.00% - Score 0 goal in Penalty Kill
Jets - 3 on 3 Attempt(s) - 100.00% - Score 0 goal in Penalty Kill

Team Stat

Coyotes - Hits : 22 - Faceoff Wins : 23 - Blocked Shots : 12 - Penalty Minutes : 10
Jets - Hits : 21 - Faceoff Wins : 30 - Blocked Shots : 9 - Penalty Minutes : 6

Official

Referees : Unknown
Linesman : Unknown

Game Notes

Mike McKenna enters game at 2:14 of 2nd period
Alex Ovechkin has scored a Hat Trick!
Carter Hutton enters game at 0:28 of 3rd period

Finance

Level 1 -- Attendance: 6000 (100.00%) -- Ticket Income $522,000
Level 2 -- Attendance: 3302 (66.04%) -- Ticket Income $194,818
Level 3 -- Attendance: 1422 (71.10%) -- Ticket Income $49,770
Level 4 -- Attendance: 2710 (67.75%) -- Ticket Income $54,200
Luxury Box -- Attendance: 892 (89.20%) -- Ticket Income $149,856
Game was played at the MTS Center'
Total Attendance: 14326 (79.59%)
Total Ticket Income: $970,644
Other Income: $475,616
Total Income: $1,446,260

Coyotes

5 vs 5 Forward 
   Center                   Left Wing                Right Wing               Time % Phy DF OF 
 1 Sean Monahan             Jaden Schwartz           Paul Byron               35     1   2  2  
 2 Joakim Andersson         Eric Nystrom             David Jones              30     1   2  2  
 3 Stephen Weiss            Aaron Palushaj           Pierre-Marc Bouchard     22     1   2  2  
 4 Markus Granlund          Drayson Bowman           Dale Weise               13     1   2  2  

5 vs 5 Defense 
   Defense                  Defense                                           Time % Phy DF OF 
 1 Tom Gilbert              Michael Kostka                                    35     1   2  2  
 2 Evan Oberg               T.J. Brennan                                      30     1   2  2  
 3 Matt Gilroy              Michal Jordan                                     22     1   2  2  
 4 Tom Gilbert              Michael Kostka                                    13     1   2  2  

PowerPlay Forward 
   Center                   Left Wing                Right Wing               Time % Phy DF OF 
 1 Sean Monahan             Jaden Schwartz           David Jones              60     1   2  2  
 2 Joakim Andersson         Paul Byron               Pierre-Marc Bouchard     40     1   2  2  

PowerPlay Defense
   Defense                  Defense                                           Time % Phy DF OF 
 1 Tom Gilbert              Michael Kostka                                    60     1   2  2  
 2 Matt Gilroy              T.J. Brennan                                      40     1   2  2  

Penalty Kill 4 Players Forward 
   Center                   Wing                     Time % Phy DF OF 
 1 Joakim Andersson         Eric Nystrom             60     1   2  2  
 2 Paul Byron               Jaden Schwartz           40     1   2  2  

Penalty Kill 4 Players Defense
   Defense                  Defense                  Time % Phy DF OF 
 1 Matt Gilroy              Tom Gilbert              60     1   2  2  
 2 T.J. Brennan             Michael Kostka           40     1   2  2  

Penalty Kill - 3 Players Forward 
   Forward                                           Time % Phy DF OF 
 1 Joakim Andersson                                  60     1   2  2  
 2 Paul Byron                                        40     1   2  2  

Penalty Kill - 3 Players Defense
   Defense                  Defense                  Time % Phy DF OF 
 1 Matt Gilroy              Tom Gilbert              60     1   2  2  
 2 T.J. Brennan             Michael Kostka           40     1   2  2  

4 vs 4 Forward 
   Center                   Wing                     Time % Phy DF OF 
 1 Joakim Andersson         Jaden Schwartz           60     1   2  2  
 2 Sean Monahan             Paul Byron               40     1   2  2  

4 vs 4 Defense
   Defense                  Defense                  Time % Phy DF OF 
 1 Tom Gilbert              Michael Kostka           60     1   2  2  
 2 T.J. Brennan             Matt Gilroy              40     1   2  2  

Last Minutes Offensive
   Center                   Left Wing                Right Wing               Defense                  Defense                  
   Sean Monahan             Jaden Schwartz           David Jones              Tom Gilbert              Michael Kostka           

Last Minutes Defensive
   Center                   Left Wing                Right Wing               Defense                  Defense                  
   Joakim Andersson         Jaden Schwartz           Eric Nystrom             Matt Gilroy              Tom Gilbert              

Goaltenders
Starting : Carter Hutton            
Backup : Mike McKenna             

Extra Forwards
Normal : Jaden Schwartz, Sean Monahan, Eric Nystrom - PP : Stephen Weiss, Eric Nystrom - PK : Aaron Palushaj
Extra Defensemen
Normal : Matt Gilroy, Michael Kostka, Evan Oberg - PP : Evan Oberg - PK : Evan Oberg, Tom Gilbert
Penalty Shots
Jaden Schwartz, Sean Monahan, Joakim Andersson, David Jones, Paul Byron

Jets

5 vs 5 Forward 
   Center                   Left Wing                Right Wing               Time % Phy DF OF 
 1 John Tavares             Max Pacioretty           Teemu Selanne            35     1   2  2  
 2 Frans Nielsen            Alex Ovechkin            Wayne Simmonds           30     1   2  2  
 3 Kyle Turris              Matt Nieto               Marcus Kruger            22     1   2  2  
 4 Nick Bjugstad            Colin Wilson             Wayne Simmonds           13     1   2  2  

5 vs 5 Defense 
   Defense                  Defense                                           Time % Phy DF OF 
 1 Oliver Ekman-Larsson     Erik Johnson                                      35     1   2  2  
 2 Tyler Myers              Danny DeKeyser                                    30     1   2  2  
 3 Ryan Murray              Oscar Klefbom                                     22     1   2  2  
 4 Oliver Ekman-Larsson     Erik Johnson                                      13     1   2  2  

PowerPlay Forward 
   Center                   Left Wing                Right Wing               Time % Phy DF OF 
 1 John Tavares             Max Pacioretty           Teemu Selanne            60     0   1  4  
 2 Kyle Turris              Alex Ovechkin            Wayne Simmonds           40     0   1  4  

PowerPlay Defense
   Defense                  Defense                                           Time % Phy DF OF 
 1 Oliver Ekman-Larsson     Ryan Murray                                       60     1   2  2  
 2 Tyler Myers              Danny DeKeyser                                    40     1   2  2  

Penalty Kill 4 Players Forward 
   Center                   Wing                     Time % Phy DF OF 
 1 Kyle Turris              Marcus Kruger            60     2   3  0  
 2 John Tavares             Wayne Simmonds           40     1   4  0  

Penalty Kill 4 Players Defense
   Defense                  Defense                  Time % Phy DF OF 
 1 Oliver Ekman-Larsson     Erik Johnson             60     1   3  1  
 2 Tyler Myers              Danny DeKeyser           40     2   2  1  

Penalty Kill - 3 Players Forward 
   Forward                                           Time % Phy DF OF 
 1 Marcus Kruger                                     60     2   3  0  
 2 Kyle Turris                                       40     1   4  0  

Penalty Kill - 3 Players Defense
   Defense                  Defense                  Time % Phy DF OF 
 1 Oliver Ekman-Larsson     Erik Johnson             60     1   4  0  
 2 Tyler Myers              Danny DeKeyser           40     1   4  0  

4 vs 4 Forward 
   Center                   Wing                     Time % Phy DF OF 
 1 Kyle Turris              Alex Ovechkin            60     1   2  2  
 2 John Tavares             Max Pacioretty           40     1   2  2  

4 vs 4 Defense
   Defense                  Defense                  Time % Phy DF OF 
 1 Oliver Ekman-Larsson     Ryan Murray              60     1   2  2  
 2 Tyler Myers              Danny DeKeyser           40     1   2  2  

Last Minutes Offensive
   Center                   Left Wing                Right Wing               Defense                  Defense                  
   Frans Nielsen            Alex Ovechkin            Teemu Selanne            Oliver Ekman-Larsson     Erik Johnson             

Last Minutes Defensive
   Center                   Left Wing                Right Wing               Defense                  Defense                  
   Frans Nielsen            Alex Ovechkin            Teemu Selanne            Oliver Ekman-Larsson     Erik Johnson             

Goaltenders
Starting : Sergei Bobrovsky         
Backup : Tim Thomas               

Extra Forwards
Normal : Kyle Turris, Marcus Kruger, Nick Bjugstad - PP : Kyle Turris, Marcus Kruger - PK : Nick Bjugstad
Extra Defensemen
Normal : Ryan Murray, Oscar Klefbom, Tyler Myers - PP : Ryan Murray - PK : Oscar Klefbom, Tyler Myers
Penalty Shots
Marcus Kruger, Alex Ovechkin, John Tavares, Max Pacioretty, Kyle Turris

% Time on Ice - Coyotes

Lines # - Real PCT - Wanted PCT - Time Play
Normal Forward
1 - 29% - 35% - 14:06
2 - 27% - 30% - 12:49
3 - 25% - 22% - 11:46
4 - 19% - 13% - 9:12
Normal Defense
1 - 32% - 35% - 15:21
2 - 33% - 30% - 16:02
3 - 27% - 22% - 12:49
4 - 8% - 13% - 3:41
PP Forward
1 - 51% - 60% - 3:03
2 - 49% - 40% - 2:54
PP Defense
1 - 52% - 60% - 3:06
2 - 48% - 40% - 2:51
PK Forward
1 - 80% - 60% - 4:57
2 - 20% - 40% - 1:13
PK Defense
1 - 68% - 60% - 4:10
2 - 32% - 40% - 2:00
PK3 Forward
1 - 0% - 60%
2 - 0% - 40%
PK3 Defense
1 - 0% - 60%
2 - 0% - 40%
44 Forward
1 - 0% - 60%
2 - 0% - 40%
44 Defense
1 - 0% - 60%
2 - 0% - 40%
Last Minute Offensive  - 0:00
Last Minute Defensive  - 0:00
Total
Forward - 60:00
Defense - 60:00

% Time on Ice - Jets

Lines # - Real PCT - Wanted PCT - Time Play
Normal Forward
1 - 36% - 35% - 17:06
2 - 24% - 30% - 11:33
3 - 24% - 22% - 11:39
4 - 16% - 13% - 7:35
Normal Defense
1 - 34% - 35% - 16:04
2 - 33% - 30% - 15:54
3 - 25% - 22% - 12:01
4 - 8% - 13% - 3:54
PP Forward
1 - 57% - 60% - 3:32
2 - 43% - 40% - 2:38
PP Defense
1 - 50% - 60% - 3:04
2 - 50% - 40% - 3:06
PK Forward
1 - 84% - 60% - 5:00
2 - 16% - 40% - 0:57
PK Defense
1 - 48% - 60% - 2:50
2 - 52% - 40% - 3:07
PK3 Forward
1 - 0% - 60%
2 - 0% - 40%
PK3 Defense
1 - 0% - 60%
2 - 0% - 40%
44 Forward
1 - 0% - 60%
2 - 0% - 40%
44 Defense
1 - 0% - 60%
2 - 0% - 40%
Last Minute Offensive  - 0:00
Last Minute Defensive  - 0:00
Total
Forward - 60:00
Defense - 60:00

Play by Play

1st period


0:01 of 1st period - Sean Monahan wins face-off versus John Tavares in neutral zone.
0:04 of 1st period - Max Pacioretty is hit by Michael Kostka and loses puck.
0:18 of 1st period - Snap shot by Jaden Schwartz.
0:18 of 1st period - Shot Misses the Net.
0:20 of 1st period - Backhand shot by Jaden Schwartz.
0:20 of 1st period - Shot Hit the Post.
0:38 of 1st period - Snap shot by Sean Monahan.
0:38 of 1st period - Stopped by Sergei Bobrovsky with a rebound.
0:58 of 1st period - Off-side.
0:59 of 1st period - Frans Nielsen wins face-off versus David Jones in neutral zone.
1:02 of 1st period - Wrist shot by Alex Ovechkin.
1:02 of 1st period - Shot Misses the Net.
1:04 of 1st period - Slapshot by Tyler Myers.
1:04 of 1st period - Stopped by Carter Hutton with a rebound.
1:10 of 1st period - Slapshot by Frans Nielsen.
1:10 of 1st period - Shot Blocked by Joakim Andersson.
1:15 of 1st period - Minor Penalty to T.J. Brennan for Interference.
1:16 of 1st period - Joakim Andersson wins face-off versus Kyle Turris in Coyotes zone.
2:31 of 1st period - Slapshot by John Tavares.
2:31 of 1st period - Shot Misses the Net.
2:33 of 1st period - Wrist shot by Tyler Myers.
2:33 of 1st period - Deflect By Tom Gilbert.
2:33 of 1st period - Stopped by Carter Hutton without a rebound.
2:34 of 1st period - John Tavares wins face-off versus Joakim Andersson in Coyotes zone.
2:37 of 1st period - Snap shot by Teemu Selanne.
2:37 of 1st period - Stopped by Carter Hutton with a rebound.
2:39 of 1st period - Slapshot by John Tavares.
2:39 of 1st period - Shot Misses the Net.
2:41 of 1st period - Wrist shot by Teemu Selanne.
2:41 of 1st period - Shot Blocked by Evan Oberg.
2:43 of 1st period - Snap shot by Max Pacioretty.
2:43 of 1st period - Goal by Max Pacioretty - Coyotes : 0 - Jets : 1.
2:44 of 1st period - Stephen Weiss wins face-off versus Kyle Turris in neutral zone.
3:43 of 1st period - Wrist shot by Jaden Schwartz.
3:43 of 1st period - Stopped by Sergei Bobrovsky with a rebound.
4:13 of 1st period - Eric Nystrom is hit by Tyler Myers and loses puck.
4:20 of 1st period - Wayne Simmonds is hit by Matt Gilroy and loses puck.
4:29 of 1st period - Slapshot by Tom Gilbert.
4:29 of 1st period - Shot Misses the Net.
4:31 of 1st period - Wrist shot by Eric Nystrom.
4:31 of 1st period - Shot Misses the Net.
4:33 of 1st period - Wrist shot by Joakim Andersson.
4:33 of 1st period - Shot Misses the Net.
4:40 of 1st period - Icing by Tyler Myers.
4:41 of 1st period - Frans Nielsen wins face-off versus Markus Granlund in Jets zone.
4:48 of 1st period - Tom Gilbert is hit by Alex Ovechkin and loses puck.
5:05 of 1st period - Tom Gilbert is hit by Alex Ovechkin and loses puck.
5:33 of 1st period - T.J. Brennan is hit by Teemu Selanne.
5:47 of 1st period - Wrist shot by Stephen Weiss.
5:47 of 1st period - Shot Misses the Net.
6:31 of 1st period - Wrist shot by Jaden Schwartz.
6:31 of 1st period - Stopped by Sergei Bobrovsky with a rebound.
6:39 of 1st period - Snap shot by Jaden Schwartz.
6:39 of 1st period - Stopped by Sergei Bobrovsky with a rebound.
6:47 of 1st period - Minor Penalty to Erik Johnson for Hooking.
6:48 of 1st period - Kyle Turris wins face-off versus Sean Monahan in Jets zone.
7:06 of 1st period - Snap shot by Sean Monahan.
7:06 of 1st period - Stopped by Sergei Bobrovsky without a rebound.
7:07 of 1st period - Kyle Turris wins face-off versus Sean Monahan in Jets zone.
8:24 of 1st period - Kyle Turris is hit by T.J. Brennan and loses puck.
8:47 of 1st period - Penalty to Erik Johnson is over, Erik Johnson is back on ice.
8:54 of 1st period - Snap shot by Wayne Simmonds.
8:54 of 1st period - Shot Misses the Net.
9:29 of 1st period - Snap shot by John Tavares.
9:29 of 1st period - Shot Blocked by Markus Granlund.
9:31 of 1st period - Slapshot by Ryan Murray.
9:31 of 1st period - Shot Misses the Net.
9:33 of 1st period - Slapshot by Ryan Murray.
9:33 of 1st period - Goal by Ryan Murray - Coyotes : 0 - Jets : 2.
9:34 of 1st period - John Tavares wins face-off versus David Jones in neutral zone.
10:03 of 1st period - Minor Penalty to Eric Nystrom for Tripping.
10:04 of 1st period - John Tavares wins face-off versus Joakim Andersson in Coyotes zone.
10:57 of 1st period - Matt Gilroy is hit by Alex Ovechkin and loses puck.
12:01 of 1st period - Snap shot by John Tavares.
12:01 of 1st period - Stopped by Carter Hutton with a rebound.
12:03 of 1st period - Penalty to Eric Nystrom is over, Eric Nystrom is back on ice.
12:15 of 1st period - Oscar Klefbom is hit by Eric Nystrom.
12:47 of 1st period - Matt Gilroy is hit by Oliver Ekman-Larsson and loses puck.
12:54 of 1st period - Michal Jordan is hit by Oliver Ekman-Larsson and loses puck.
13:37 of 1st period - Kyle Turris is hit by Matt Gilroy and loses puck.
14:03 of 1st period - Matt Nieto is hit by Aaron Palushaj and loses puck.
14:18 of 1st period - Tyler Myers is hit by Tom Gilbert.
15:09 of 1st period - Tom Gilbert is hit by Wayne Simmonds and loses puck.
15:16 of 1st period - Wrist shot by Alex Ovechkin.
15:16 of 1st period - Deflect By Wayne Simmonds.
15:16 of 1st period - Stopped by Carter Hutton with a rebound.
16:10 of 1st period - Marcus Kruger is hit by Dale Weise.
16:20 of 1st period - Slapshot by Tyler Myers.
16:20 of 1st period - Deflect By Kyle Turris.
16:20 of 1st period - Stopped by Carter Hutton without a rebound.
16:21 of 1st period - Kyle Turris wins face-off versus Stephen Weiss in Coyotes zone.
16:44 of 1st period - Snap shot by Nick Bjugstad.
16:44 of 1st period - Shot Blocked by T.J. Brennan.
17:14 of 1st period - Paul Byron is hit by Alex Ovechkin and loses puck.
17:59 of 1st period - Snap shot by John Tavares.
17:59 of 1st period - Stopped by Carter Hutton with a rebound.
18:31 of 1st period - Snap shot by Dale Weise.
18:31 of 1st period - Shot Misses the Net.
18:33 of 1st period - Snap shot by Drayson Bowman.
18:33 of 1st period - Shot Misses the Net.
18:35 of 1st period - Slapshot by Drayson Bowman.
18:35 of 1st period - Shot Misses the Net.
18:37 of 1st period - Wrist shot by Drayson Bowman.
18:37 of 1st period - Stopped by Sergei Bobrovsky with a rebound.
18:44 of 1st period - Icing by Erik Johnson.
18:45 of 1st period - Frans Nielsen wins face-off versus Sean Monahan in Jets zone.
19:00 of 1st period - Erik Johnson is hit by Paul Byron.
Goals for this period are 0 for Coyotes vs 2 for Jets.
Shots for this period are 6 for Coyotes vs 9 for Jets.

2nd period


0:01 of 2nd period - Sean Monahan wins face-off versus John Tavares in neutral zone.
0:14 of 2nd period - Snap shot by Jaden Schwartz.
0:14 of 2nd period - Stopped by Sergei Bobrovsky without a rebound.
0:15 of 2nd period - Sean Monahan wins face-off versus John Tavares in Jets zone.
0:40 of 2nd period - Snap shot by Jaden Schwartz.
0:40 of 2nd period - Shot Misses the Net.
1:34 of 2nd period - Wrist shot by Alex Ovechkin.
1:34 of 2nd period - Goal by Alex Ovechkin - Coyotes : 0 - Jets : 3.
1:35 of 2nd period - Stephen Weiss wins face-off versus Kyle Turris in neutral zone.
1:56 of 2nd period - Wrist shot by Matt Nieto.
1:56 of 2nd period - Shot Misses the Net.
1:58 of 2nd period - Slapshot by Oscar Klefbom.
1:58 of 2nd period - Shot Blocked by Matt Gilroy.
2:00 of 2nd period - Snap shot by Oscar Klefbom.
2:00 of 2nd period - Shot Misses the Net.
2:04 of 2nd period - Wrist shot by Kyle Turris.
2:04 of 2nd period - Shot Misses the Net.
2:06 of 2nd period - Slapshot by Oscar Klefbom.
2:06 of 2nd period - Shot Hit the Post.
2:08 of 2nd period - Snap shot by Kyle Turris.
2:08 of 2nd period - Deflect By Marcus Kruger.
2:08 of 2nd period - Shot Misses the Net.
2:08 of 2nd period - Puck is out of play.
2:09 of 2nd period - Frans Nielsen wins face-off versus Sean Monahan in Coyotes zone.
2:14 of 2nd period - Snap shot by Alex Ovechkin.
2:14 of 2nd period - Goal by Alex Ovechkin - Coyotes : 0 - Jets : 4.
2:14 of 2nd period - Mike McKenna enters game.
2:15 of 2nd period - Sean Monahan wins face-off versus John Tavares in neutral zone.
2:27 of 2nd period - Snap shot by Jaden Schwartz.
2:27 of 2nd period - Shot Misses the Net.
2:29 of 2nd period - Slapshot by Tom Gilbert.
2:29 of 2nd period - Shot Blocked by Oliver Ekman-Larsson.
2:31 of 2nd period - Wrist shot by Jaden Schwartz.
2:31 of 2nd period - Shot Misses the Net.
2:33 of 2nd period - Snap shot by Paul Byron.
2:33 of 2nd period - Shot Blocked by Oliver Ekman-Larsson.
2:35 of 2nd period - Wrist shot by Michael Kostka.
2:35 of 2nd period - Stopped by Sergei Bobrovsky with a rebound.
2:37 of 2nd period - Slapshot by Paul Byron.
2:37 of 2nd period - Stopped by Sergei Bobrovsky without a rebound.
2:38 of 2nd period - Alex Ovechkin wins face-off versus Joakim Andersson in Jets zone.
2:57 of 2nd period - Slapshot by Wayne Simmonds.
2:57 of 2nd period - Stopped by Mike McKenna with a rebound.
2:59 of 2nd period - Slapshot by Tyler Myers.
2:59 of 2nd period - Stopped by Mike McKenna with a rebound.
3:01 of 2nd period - Slapshot by Danny DeKeyser.
3:01 of 2nd period - Shot Blocked by Evan Oberg.
3:03 of 2nd period - Slapshot by Danny DeKeyser.
3:03 of 2nd period - Shot Misses the Net.
3:13 of 2nd period - Wrist shot by Alex Ovechkin.
3:13 of 2nd period - Goal by Alex Ovechkin - Coyotes : 0 - Jets : 5.
3:14 of 2nd period - John Tavares wins face-off versus Jaden Schwartz in neutral zone.
3:17 of 2nd period - Slapshot by Oliver Ekman-Larsson.
3:17 of 2nd period - Stopped by Mike McKenna with a rebound.
3:24 of 2nd period - Slapshot by Tom Gilbert.
3:24 of 2nd period - Deflect By Jaden Schwartz.
3:24 of 2nd period - Shot Blocked by Erik Johnson.
3:24 of 2nd period - Puck is out of play.
3:25 of 2nd period - John Tavares wins face-off versus Sean Monahan in Jets zone.
4:20 of 2nd period - Matt Gilroy is hit by Erik Johnson and loses puck.
4:27 of 2nd period - Snap shot by Alex Ovechkin.
4:27 of 2nd period - Goal by Alex Ovechkin - Coyotes : 0 - Jets : 6.
4:28 of 2nd period - Kyle Turris wins face-off versus Stephen Weiss in neutral zone.
4:31 of 2nd period - Wrist shot by Tyler Myers.
4:31 of 2nd period - Stopped by Mike McKenna with a rebound.
5:25 of 2nd period - Teemu Selanne is hit by T.J. Brennan and loses puck.
6:04 of 2nd period - Erik Johnson is hit by Sean Monahan.
6:28 of 2nd period - Snap shot by Alex Ovechkin.
6:28 of 2nd period - Stopped by Mike McKenna without a rebound.
6:29 of 2nd period - Markus Granlund wins face-off versus Wayne Simmonds in Coyotes zone.
7:00 of 2nd period - Wrist shot by Dale Weise.
7:00 of 2nd period - Shot Misses the Net.
7:02 of 2nd period - Backhand shot by Markus Granlund.
7:02 of 2nd period - Shot Hit the Post.
7:04 of 2nd period - Wrist shot by Michal Jordan.
7:04 of 2nd period - Shot Misses the Net.
7:06 of 2nd period - Snap shot by Markus Granlund.
7:06 of 2nd period - Stopped by Sergei Bobrovsky with a rebound.
7:27 of 2nd period - Slapshot by Oliver Ekman-Larsson.
7:27 of 2nd period - Deflect By Marcus Kruger.
7:27 of 2nd period - Shot Misses the Net.
7:27 of 2nd period - Puck is out of play.
7:28 of 2nd period - Kyle Turris wins face-off versus Stephen Weiss in Coyotes zone.
7:59 of 2nd period - Slapshot by Erik Johnson.
7:59 of 2nd period - Deflect By T.J. Brennan.
7:59 of 2nd period - Stopped by Mike McKenna without a rebound.
8:00 of 2nd period - John Tavares wins face-off versus Sean Monahan in Coyotes zone.
8:19 of 2nd period - Off-side.
8:20 of 2nd period - John Tavares wins face-off versus Sean Monahan in neutral zone.
9:01 of 2nd period - Snap shot by Tyler Myers.
9:01 of 2nd period - Shot Misses the Net.
9:29 of 2nd period - Kyle Turris is hit by David Jones and loses puck.
9:38 of 2nd period - Erik Johnson is hit by Eric Nystrom and loses puck.
10:03 of 2nd period - Erik Johnson is hit by Aaron Palushaj and loses puck.
10:30 of 2nd period - T.J. Brennan is hit by Frans Nielsen and loses puck.
10:37 of 2nd period - Snap shot by Drayson Bowman.
10:37 of 2nd period - Stopped by Sergei Bobrovsky without a rebound.
10:38 of 2nd period - Drayson Bowman wins face-off versus John Tavares in Jets zone.
10:52 of 2nd period - Off-side.
10:53 of 2nd period - John Tavares wins face-off versus Sean Monahan in neutral zone.
11:42 of 2nd period - Wrist shot by Oscar Klefbom.
11:42 of 2nd period - Shot Misses the Net.
11:50 of 2nd period - Wrist shot by Wayne Simmonds.
11:50 of 2nd period - Stopped by Mike McKenna with a rebound.
12:20 of 2nd period - Snap shot by David Jones.
12:20 of 2nd period - Shot Misses the Net.
12:22 of 2nd period - Slapshot by Tom Gilbert.
12:22 of 2nd period - Stopped by Sergei Bobrovsky with a rebound.
12:24 of 2nd period - Wrist shot by Eric Nystrom.
12:24 of 2nd period - Stopped by Sergei Bobrovsky with a rebound.
12:38 of 2nd period - Slapshot by Joakim Andersson.
12:38 of 2nd period - Shot Blocked by Danny DeKeyser.
12:40 of 2nd period - Wrist shot by Eric Nystrom.
12:40 of 2nd period - Shot Misses the Net.
12:42 of 2nd period - Slapshot by Michael Kostka.
12:42 of 2nd period - Stopped by Sergei Bobrovsky with a rebound.
12:44 of 2nd period - Slapshot by Michael Kostka.
12:44 of 2nd period - Shot Misses the Net.
13:02 of 2nd period - Oliver Ekman-Larsson is hit by Aaron Palushaj and loses puck.
13:15 of 2nd period - Wrist shot by Alex Ovechkin.
13:15 of 2nd period - Shot Blocked by Michael Kostka.
13:17 of 2nd period - Slapshot by Oliver Ekman-Larsson.
13:17 of 2nd period - Stopped by Mike McKenna with a rebound.
13:26 of 2nd period - Icing by Michael Kostka.
13:27 of 2nd period - Stephen Weiss wins face-off versus John Tavares in Coyotes zone.
13:32 of 2nd period - Oscar Klefbom is hit by Michael Kostka and loses puck.
14:18 of 2nd period - Markus Granlund is hit by Nick Bjugstad and loses puck.
14:37 of 2nd period - Minor Penalty to Oliver Ekman-Larsson for Slashing.
14:38 of 2nd period - Sean Monahan wins face-off versus Kyle Turris in Jets zone.
14:47 of 2nd period - Snap shot by Jaden Schwartz.
14:47 of 2nd period - Shot Misses the Net.
16:34 of 2nd period - Wrist shot by Pierre-Marc Bouchard.
16:34 of 2nd period - Shot Blocked by Tyler Myers.
16:37 of 2nd period - Penalty to Oliver Ekman-Larsson is over, Oliver Ekman-Larsson is back on ice.
16:40 of 2nd period - Snap shot by Paul Byron.
16:40 of 2nd period - Stopped by Sergei Bobrovsky without a rebound.
16:41 of 2nd period - Joakim Andersson wins face-off versus John Tavares in Jets zone.
16:58 of 2nd period - Wrist shot by Max Pacioretty.
16:58 of 2nd period - Shot Misses the Net.
17:42 of 2nd period - Matt Gilroy is hit by Alex Ovechkin and loses puck.
17:54 of 2nd period - Slapshot by Tom Gilbert.
17:54 of 2nd period - Stopped by Sergei Bobrovsky with a rebound.
18:00 of 2nd period - Michael Kostka is hit by Alex Ovechkin and loses puck.
18:27 of 2nd period - Wrist shot by Wayne Simmonds.
18:27 of 2nd period - Stopped by Mike McKenna with a rebound.
18:29 of 2nd period - Slapshot by Oscar Klefbom.
18:29 of 2nd period - Deflect By Wayne Simmonds.
18:29 of 2nd period - Shot Hit the Post.
18:29 of 2nd period - Puck is out of play.
18:30 of 2nd period - Joakim Andersson wins face-off versus Nick Bjugstad in Coyotes zone.
18:43 of 2nd period - Snap shot by Joakim Andersson.
18:43 of 2nd period - Stopped by Sergei Bobrovsky without a rebound.
18:44 of 2nd period - Kyle Turris wins face-off versus Paul Byron in Jets zone.
19:14 of 2nd period - Minor Penalty to Michal Jordan for Holding.
19:15 of 2nd period - Joakim Andersson wins face-off versus Teemu Selanne in Coyotes zone.
19:45 of 2nd period - Wrist shot by John Tavares.
19:45 of 2nd period - Shot Misses the Net.
19:47 of 2nd period - Snap shot by Max Pacioretty.
19:47 of 2nd period - Stopped by Mike McKenna without a rebound.
19:48 of 2nd period - Kyle Turris wins face-off versus Joakim Andersson in Coyotes zone.
19:51 of 2nd period - Wrist shot by Wayne Simmonds.
19:51 of 2nd period - Shot Misses the Net.
19:55 of 2nd period - Wrist shot by Kyle Turris.
19:55 of 2nd period - Shot Blocked by Michael Kostka.
19:57 of 2nd period - Snap shot by Kyle Turris.
19:57 of 2nd period - Goal by Kyle Turris - Coyotes : 0 - Jets : 7.
19:58 of 2nd period - Sean Monahan wins face-off versus John Tavares in neutral zone.
Goals for this period are 0 for Coyotes vs 5 for Jets.
Shots for this period are 11 for Coyotes vs 15 for Jets.

3rd period


0:01 of 3rd period - Sean Monahan wins face-off versus Frans Nielsen in neutral zone.
0:24 of 3rd period - Wrist shot by Alex Ovechkin.
0:24 of 3rd period - Stopped by Mike McKenna with a rebound.
0:26 of 3rd period - Slapshot by Erik Johnson.
0:26 of 3rd period - Shot Blocked by Tom Gilbert.
0:28 of 3rd period - Snap shot by Frans Nielsen.
0:28 of 3rd period - Deflect By Alex Ovechkin.
0:28 of 3rd period - Goal by Alex Ovechkin - Coyotes : 0 - Jets : 8.
0:28 of 3rd period - Carter Hutton enters game.
0:29 of 3rd period - John Tavares wins face-off versus Joakim Andersson in neutral zone.
0:56 of 3rd period - Max Pacioretty is hit by Eric Nystrom and loses puck.
2:02 of 3rd period - Icing by Michael Kostka.
2:03 of 3rd period - Jaden Schwartz wins face-off versus Kyle Turris in Coyotes zone.
2:28 of 3rd period - Snap shot by Kyle Turris.
2:28 of 3rd period - Shot Misses the Net.
2:36 of 3rd period - Wrist shot by Pierre-Marc Bouchard.
2:36 of 3rd period - Shot Misses the Net.
2:38 of 3rd period - Wrist shot by Stephen Weiss.
2:38 of 3rd period - Stopped by Sergei Bobrovsky without a rebound.
2:39 of 3rd period - John Tavares wins face-off versus Joakim Andersson in Jets zone.
2:50 of 3rd period - Snap shot by John Tavares.
2:50 of 3rd period - Shot Misses the Net.
3:06 of 3rd period - Snap shot by David Jones.
3:06 of 3rd period - Shot Misses the Net.
3:22 of 3rd period - Minor Penalty to Erik Johnson for Tripping.
3:23 of 3rd period - Kyle Turris wins face-off versus Sean Monahan in Jets zone.
4:50 of 3rd period - Slapshot by Sean Monahan.
4:50 of 3rd period - Shot Blocked by John Tavares.
5:06 of 3rd period - Tom Gilbert is hit by Tyler Myers and loses puck.
5:13 of 3rd period - T.J. Brennan is hit by Tyler Myers and loses puck.
5:22 of 3rd period - Penalty to Erik Johnson is over, Erik Johnson is back on ice.
5:45 of 3rd period - Oscar Klefbom is hit by T.J. Brennan and loses puck.
6:10 of 3rd period - Slapshot by Drayson Bowman.
6:10 of 3rd period - Shot Misses the Net.
6:12 of 3rd period - Slapshot by Tom Gilbert.
6:12 of 3rd period - Stopped by Sergei Bobrovsky with a rebound.
6:35 of 3rd period - Markus Granlund is hit by Max Pacioretty and loses puck.
7:20 of 3rd period - Matt Gilroy is hit by Erik Johnson and loses puck.
7:29 of 3rd period - Wrist shot by Wayne Simmonds.
7:29 of 3rd period - Goal by Wayne Simmonds - Coyotes : 0 - Jets : 9.
7:30 of 3rd period - Teemu Selanne wins face-off versus Markus Granlund in neutral zone.
8:21 of 3rd period - Erik Johnson is hit by Markus Granlund and loses puck.
8:30 of 3rd period - Wrist shot by Wayne Simmonds.
8:30 of 3rd period - Shot Blocked by Michael Kostka.
8:36 of 3rd period - Wrist shot by Wayne Simmonds.
8:36 of 3rd period - Shot Misses the Net.
8:38 of 3rd period - Backhand shot by Oscar Klefbom.
8:38 of 3rd period - Shot Misses the Net.
8:40 of 3rd period - Wrist shot by Colin Wilson.
8:40 of 3rd period - Deflect By Nick Bjugstad.
8:40 of 3rd period - Shot Blocked by Tom Gilbert.
8:40 of 3rd period - Puck is out of play.
8:41 of 3rd period - Sean Monahan wins face-off versus Kyle Turris in Coyotes zone.
9:02 of 3rd period - Snap shot by Sean Monahan.
9:02 of 3rd period - Shot Misses the Net.
9:54 of 3rd period - Snap shot by Pierre-Marc Bouchard.
9:54 of 3rd period - Shot Misses the Net.
10:16 of 3rd period - Snap shot by David Jones.
10:16 of 3rd period - Shot Blocked by Tyler Myers.
10:38 of 3rd period - Off-side.
10:39 of 3rd period - Nick Bjugstad wins face-off versus Sean Monahan in neutral zone.
10:44 of 3rd period - Wrist shot by Wayne Simmonds.
10:44 of 3rd period - Deflect By T.J. Brennan.
10:44 of 3rd period - Shot Blocked by Paul Byron.
10:44 of 3rd period - Puck is out of play.
10:45 of 3rd period - Nick Bjugstad wins face-off versus Sean Monahan in Coyotes zone.
10:48 of 3rd period - Snap shot by Wayne Simmonds.
10:48 of 3rd period - Stopped by Carter Hutton with a rebound.
10:50 of 3rd period - Snap shot by Erik Johnson.
10:50 of 3rd period - Shot Misses the Net.
11:06 of 3rd period - Snap shot by Sean Monahan.
11:06 of 3rd period - Shot Misses the Net.
11:19 of 3rd period - Off-side.
11:20 of 3rd period - Joakim Andersson wins face-off versus Kyle Turris in neutral zone.
11:29 of 3rd period - Snap shot by David Jones.
11:29 of 3rd period - Shot Blocked by Marcus Kruger.
12:07 of 3rd period - Aaron Palushaj is hit by John Tavares and loses puck.
12:33 of 3rd period - Wrist shot by John Tavares.
12:33 of 3rd period - Shot Misses the Net.
12:55 of 3rd period - Michael Kostka is hit by Wayne Simmonds and loses puck.
14:16 of 3rd period - Wrist shot by Jaden Schwartz.
14:16 of 3rd period - Shot Blocked by John Tavares.
14:18 of 3rd period - Snap shot by Paul Byron.
14:18 of 3rd period - Stopped by Sergei Bobrovsky with a rebound.
14:20 of 3rd period - Snap shot by Jaden Schwartz.
14:20 of 3rd period - Stopped by Sergei Bobrovsky without a rebound.
14:21 of 3rd period - Nick Bjugstad wins face-off versus Joakim Andersson in Jets zone.
14:38 of 3rd period - Wrist shot by Nick Bjugstad.
14:38 of 3rd period - Shot Misses the Net.
14:40 of 3rd period - Slapshot by Colin Wilson.
14:40 of 3rd period - Shot Misses the Net.
14:42 of 3rd period - Snap shot by Oliver Ekman-Larsson.
14:42 of 3rd period - Stopped by Carter Hutton without a rebound.
14:43 of 3rd period - Sean Monahan wins face-off versus Kyle Turris in Coyotes zone.
15:43 of 3rd period - John Tavares is hit by David Jones and loses puck.
15:48 of 3rd period - Snap shot by David Jones.
15:48 of 3rd period - Deflect By Danny DeKeyser.
15:48 of 3rd period - Stopped by Sergei Bobrovsky with a rebound.
16:20 of 3rd period - Oliver Ekman-Larsson is hit by Matt Gilroy and loses puck.
16:49 of 3rd period - Slapshot by Marcus Kruger.
16:49 of 3rd period - Shot Misses the Net.
16:51 of 3rd period - Snap shot by Marcus Kruger.
16:51 of 3rd period - Stopped by Carter Hutton with a rebound.
16:53 of 3rd period - Wrist shot by Kyle Turris.
16:53 of 3rd period - Stopped by Carter Hutton with a rebound.
17:20 of 3rd period - Backhand shot by Drayson Bowman.
17:20 of 3rd period - Stopped by Sergei Bobrovsky without a rebound.
17:21 of 3rd period - Wayne Simmonds wins face-off versus Markus Granlund in Jets zone.
17:27 of 3rd period - Minor Penalty to T.J. Brennan for Holding.
17:28 of 3rd period - John Tavares wins face-off versus Joakim Andersson in Coyotes zone.
18:20 of 3rd period - Oliver Ekman-Larsson is hit by Eric Nystrom and loses puck.
18:35 of 3rd period - Wrist shot by Alex Ovechkin.
18:35 of 3rd period - Stopped by Carter Hutton with a rebound.
18:37 of 3rd period - Wrist shot by Danny DeKeyser.
18:37 of 3rd period - Shot Misses the Net.
18:39 of 3rd period - Wrist shot by Danny DeKeyser.
18:39 of 3rd period - Deflect By Tom Gilbert.
18:39 of 3rd period - Stopped by Carter Hutton without a rebound.
18:40 of 3rd period - Joakim Andersson wins face-off versus Kyle Turris in Coyotes zone.
18:40 of 3rd period - Joakim Andersson is hit by Alex Ovechkin.
18:50 of 3rd period - Wrist shot by Alex Ovechkin.
18:50 of 3rd period - Shot Misses the Net.
18:52 of 3rd period - Slapshot by Danny DeKeyser.
18:52 of 3rd period - Stopped by Carter Hutton with a rebound.
19:27 of 3rd period - Penalty to T.J. Brennan is over, T.J. Brennan is back on ice.
19:33 of 3rd period - Icing by John Tavares.
19:34 of 3rd period - Stephen Weiss wins face-off versus John Tavares in Jets zone.
19:43 of 3rd period - Snap shot by Stephen Weiss.
19:43 of 3rd period - Stopped by Sergei Bobrovsky without a rebound.
19:44 of 3rd period - Kyle Turris wins face-off versus Stephen Weiss in Jets zone.
19:58 of 3rd period - Minor Penalty to Michal Jordan for Elbowing.
19:59 of 3rd period - Joakim Andersson wins face-off versus Kyle Turris in Coyotes zone.
Goals for this period are 0 for Coyotes vs 2 for Jets.
Shots for this period are 7 for Coyotes vs 10 for Jets.


Output by the SimonT Hockey Simulator (STHS) for Eric Dolegowski -- Original Page W3C XHTML 1.0 Valid
Hockey Simulator - Hockey Simulation - Hockey Manager